 Dungeon Crawl Stone Soup version 0.30-a0-4-ga7cffc901d (webtiles) character file.

Game seed: 16770645864852515650

3033 porpoise the Trooper (level 9, -2/64 HPs)
             Began as a Demonspawn Gladiator on Aug 21, 2022.
             Was a Follower of Hepliaklqana.
             Slain by an orc warrior
             ... wielding a +0 halberd
              (8 damage)
             ... on level 7 of the Dungeon on Aug 22, 2022.
             The game lasted 00:28:19 (8533 turns).

porpoise the Trooper (Demonspawn Gladiator)         Turns: 8533, Time: 00:28:19

Health: -2/64      AC: 17    Str: 21    XL:     9   Next: 56%
Magic:  9/9        EV: 12    Int: 11    God:    Hepliaklqana [*.....]
Gold:   347        SH:  8    Dex: 11    Spells: 8/8 levels left

rFire   + . .      SeeInvis .    a - +8 war axe of Calamity {drain, Fly rC+ rN+++ Dex-2}
rCold   + . .      Faith    .    E - +0 buckler
rNeg    + + +      Spirit   .    f - +1 ring mail
rPois   .          Reflect  +    c - +0 helmet
rElec   .          Harm     .    y - +0 cloak
rCorr   .          Rampage  .    (no gloves)
Will    .....                    q - +1 pair of boots
Stlth   +.........               k - amulet of reflection
HPRegen 0.20/turn                (no ring)
MPRegen 0.11/turn                (no ring)

@: marked, sanguine armoured, flying
A: reduced essence, claws 2, ignite blood 2, sanguine armour 1, fire resistance
1, strong 1
a: Renounce Religion, Recall Ancestor, Ancestor Identity


You were on level 7 of the Dungeon.
You worshipped Hepliaklqana.
Hepliaklqana was aware of your devotion.
You visited 2 branches of the dungeon, and saw 8 of its levels.
You also visited: Ossuary.

You collected 347 gold pieces.

Inventory:

Hand Weapons
 a - the +8 war axe of Calamity (weapon) {drain, Fly rC+ rN+++ Dex-2}
   (You found it on level 6 of the Dungeon)

   A truly terrible weapon, it drains the life of any living foe it strikes.
   Dex:       It affects your dexterity (-2).
   rC:        It protects you from cold.
   rN:        It renders you almost immune to negative energy.
   Fly:       It grants you flight.
 b - a +0 sling
 G - a +1 trident
Missiles
 d - 3 throwing nets (quivered)
 p - 8 boomerangs
 t - 11 poisoned darts
 H - a javelin
Armour
 c - a +0 helmet (worn)
 f - a +1 ring mail (worn)
 q - a +1 pair of boots (worn)
 s - an orb of guile
 y - a +0 cloak (worn)
 E - a +0 buckler (worn)
 I - +0 steam dragon scales
Jewellery
 k - an amulet of reflection (around neck)
 n - an amulet of faith
Wands
 r - a wand of flame (12)
 A - a wand of paralysis (6)
 D - a wand of roots (12)
Scrolls
 j - a scroll of teleportation
 l - a scroll of enchant weapon
 u - a scroll of poison
 B - a scroll of butterflies
 C - a scroll of fear
 F - a scroll of magic mapping
 J - a scroll of vulnerability {unknown}
Potions
 e - 2 potions of degeneration {unknown}
 g - a potion of curing
 h - 4 potions of attraction
 i - 2 potions of lignification
 m - a potion of haste
 o - a potion of heal wounds
 v - 2 potions of flight
 w - 2 potions of cancellation
 x - a potion of brilliance
 z - a potion of resistance


   Skills:
 + Level 7.5 Fighting
 - Level 6.0 Polearms
 - Level 1.7 Throwing
 - Level 5.0 Armour
 - Level 5.0 Dodging
 * Level 4.7 Unarmed Combat
 + Level 2.8 Evocations


You had 8 spell levels left.
You didn't know any spells.
Your spell library contained the following spells:

 Spells                   Type           Power      Damage    Failure   Level
 Shock                    Conj/Air       0%         1d3       61%         1
 Static Discharge         Conj/Air       0%         3-3/arc   75%         2
 Sublimation of Blood     Necr           0%         N/A       75%         2
 Swiftness                Air            0%         N/A       93%         3
 Airstrike                Air            0%         2d(0-16)  100%        4
 Petrify                  Tmut/Erth      0%         N/A       100%        4
 Alistair's Intoxication  Tmut/Pois      0%         N/A       100%        5
 Borgnjor's Vile Clutch   Necr/Erth      0%         N/A       100%        5
 Irradiate                Conj/Tmut      0%         3d11      100%        5
 Lightning Bolt           Conj/Air       0%         1d11      100%        5
 Eringya's Noxious Bog    Tmut/Pois      0%         N/A       100%        6
 Maxwell's Capacitive Co  Air            0%         ∞         100%        8


Dungeon Overview and Level Annotations

Branches:
Dungeon (7/15)             Temple (1/1) D:5         Ossuary (visited)

Altars:
Cheibriados
Gozag
Hepliaklqana
Nemelex Xobeh
Okawaru
Qazlal
Sif Muna
Vehumet
Wu Jian
Xom


Innate Abilities, Weirdness & Mutations

Your life essence is reduced to manifest your ancestor. (-10% HP)
You have very sharp fingernails.
Your demonic aura often causes spilled blood to erupt in flames.
When seriously injured, your blood forms armour. (AC +6)
Your flesh is heat resistant. (rF+)
Your muscles are strong. (Str +4, Int/Dex -1)


Message History

Unknown command.
You barely miss the orc wizard.
The orc wizard hits you but does no damage.
The orc warrior hits you from afar with a +0 halberd.
You block the orc wizard's attack.
The orc warrior hits you from afar with a +0 halberd.
* * * LOW HITPOINT WARNING * * *
You hit the orc wizard.
The orc wizard is lightly wounded.
The orc wizard closely misses you. The orc warrior barely misses you.
You slash the orc wizard!
You kill the orc wizard!
The orc warrior hits you from afar with a +0 halberd!
* * * LOW HITPOINT WARNING * * *
The orc barely misses you. You block the orc warrior's attack.
You swap places.
The jelly closely misses Nikki.
The orc warrior hits Nikki with a +0 halberd!
Nikki hits the orc warrior but does no damage.
The jelly barely misses Nikki.
The orc hits you but does no damage. The orc misses you.
The orc warrior hits you from afar with a +0 halberd.
* * * LOW HITPOINT WARNING * * *
Things that are here:
a +0 club; an orc corpse You slice the orc!!
You kill the orc!
You barely miss the orc.
Nikki hits the orc warrior but does no damage.
The jelly closely misses Nikki.
The orc warrior barely misses you. The orc misses you.
You completely miss the orc. You closely miss the orc.
Nikki barely misses the orc warrior.
The orc warrior hits you but does no damage.
The orc barely misses you.
The jelly misses Nikki.
The orc closely misses you.
Nikki hits the orc warrior but does no damage.
You closely miss the orc. You slash the orc!
You kill the orc!
The orc barely misses you.
The orc warrior hits you from afar with a +0 halberd!
You die...

# ##.#.# #. #.[..
.##.... ..... #
#....[######
#.Jo#.#....#
#.oR☼.#....# # #@#
#....# #.#.###....#
#....##....#
####.##....########
###.##...........#
#................#
#.###..#.........#
........#.........#
....................#


You could see the friendly Nikki the ancestor, an orc warrior (ally target), a
jelly and an orc.

Vanquished Creatures
  Prince Ribbit (D:5)
  Sigmund (D:5)
  A steam dragon (D:7)
  Duvessa (D:6)
  A sky beast (D:5)
  A black bear (D:5)
  2 ice beasts
  3 ogres
  Blork the orc (D:5)
  A kobold brigand (D:5)
  2 necrophages
  4 scorpions
  Dowan (D:6)
  A howler monkey (D:4)
  A hound (D:5)
  5 centaur zombies (Ossuary)
  2 jellies
  2 gnoll boudas (D:7)
  6 orc priests
  Ijyb (D:4)
  Crazy Yiuf (D:3)
  4 iguanas
  8 orc wizards
  6 mummies (Ossuary)
  7 gnolls (D:7)
  8 adders
  2 ufetubi
  A dart slug (D:4)
  32 orcs
  6 bats
  9 endoplasms
  4 giant cockroaches
  5 goblins
  5 hobgoblins
  9 jackals
  6 quokkas
  10 ball pythons
  5 frilled lizards
  2 hobgoblin zombies (Ossuary)
  10 kobolds
  6 rats
184 creatures vanquished.

Vanquished Creatures (others)
  A gnoll (D:7)
  6 fungi (D:3)
  3 plants
10 creatures vanquished.

Grand Total: 194 creatures vanquished

Notes
Turn   | Place    | Note
-------+----------+-------------------------------------------
     0 | D:1      | porpoise the Demonspawn Gladiator began the quest for the
                  | Orb.
     0 | D:1      | Reached XP level 1. HP: 16/16 MP: 1/1
   661 | D:1      | Gained mutation: When seriously injured, your blood forms
                  | armour. (AC +6) [demonic ancestry]
   661 | D:1      | Reached XP level 2. HP: 22/22 MP: 2/2
  1353 | D:1      | Gained mutation: You have sharp fingernails. [demonic
                  | ancestry]
  1353 | D:1      | Reached XP level 3. HP: 17/28 MP: 3/3
  1839 | D:2      | You fall into a shaft and drop 1 floor!
  1908 | D:3      | Reached skill level 3 in Fighting
  1908 | D:3      | Gained mutation: Your demonic aura sometimes causes spilled
                  | blood to erupt in flames. [demonic ancestry]
  1908 | D:3      | Reached XP level 4. HP: 10/35 MP: 4/4
  2939 | D:3      | Found a runed translucent door.
  2940 | D:3      | Noticed Crazy Yiuf
  2953 | D:3      | Killed Crazy Yiuf
  2954 | D:3      | Gained mutation: Your demonic aura often causes spilled
                  | blood to erupt in flames. [demonic ancestry]
  2954 | D:3      | Reached XP level 5. HP: 11/40 MP: 5/5
  3739 | D:3      | Found a faded altar of an unknown god.
  4138 | D:4      | Found an iron altar of Okawaru.
  4301 | D:4      | Reached skill level 5 in Polearms
  4410 | D:4      | Found a sand-covered staircase.
  4420 | Ossuary  | Entered an ossuary
  4437 | Ossuary  | Reached XP level 6. HP: 35/48 MP: 6/6
  4448 | Ossuary  | Reached skill level 4 in Fighting
  5045 | D:4      | Gained mutation: You have very sharp fingernails. [demonic
                  | ancestry]
  5045 | D:4      | Reached XP level 7. HP: 41/55 MP: 7/7
  5061 | D:4      | Reached skill level 5 in Fighting
  5193 | D:4      | Noticed Ijyb
  5195 | D:4      | Paralysed by Ijyb for 3 turns
  5202 | D:4      | Killed Ijyb
  6035 | D:5      | Entered Level 5 of the Dungeon
  6041 | D:5      | Noticed Blork the orc
  6045 | D:5      | Killed Blork the orc
  6046 | D:5      | Reached skill level 6 in Fighting
  6046 | D:5      | Reached skill level 1 in Armour
  6092 | D:5      | Reached XP level 8. HP: 57/65 MP: 8/8
  6581 | D:5      | Noticed Prince Ribbit
  6581 | D:5      | Noticed Sigmund
  6597 | D:5      | Killed Sigmund
  6598 | D:5      | Reached skill level 7 in Fighting
  6628 | D:5      | Killed Prince Ribbit
  6629 | D:5      | Reached skill level 5 in Dodging
  6759 | D:5      | Found a staircase to the Ecumenical Temple.
  6765 | Temple   | Entered the Ecumenical Temple
  6924 | Temple   | Became a worshipper of Hepliaklqana the Forgotten
  6974 | D:5      | Reached skill level 1 in Unarmed Combat
  7079 | D:5      | Reached XP level 9. HP: 72/72 MP: 9/9
  7086 | D:5      | Found an opulent altar of Gozag.
  7098 | D:5      | Reached skill level 5 in Armour
  7304 | D:6      | Reached skill level 1 in Evocations
  7525 | D:6      | Identified the +8 war axe of Calamity {drain, Fly rC+ rN+++
                  | Dex-2}
  7868 | D:6      | Gained mutation: Your muscles are strong. (Str +4, Int/Dex
                  | -1) [potion of mutation]
  7868 | D:6      | Gained mutation: Your flesh is heat resistant. (rF+)
                  | [potion of mutation]
  7879 | D:6      | Found a radiant altar of Vehumet.
  8056 | D:6      | Noticed Duvessa
  8056 | D:6      | Noticed Dowan
  8060 | D:6      | Killed Duvessa
  8060 | D:6      | Killed Dowan
  8493 | D:7      | Reached * piety under Hepliaklqana
  8533 | D:7      | Slain by an orc warrior

Illustrated notes

Levels and vault maps discovered:
D:1:      dpeg_arrival_pits, layout_loops_ring, minmay_misc_feat_pillars,
          minmay_tetromino_o2
D:2:      layout_rooms
D:3:      layout_basic, shapermc_ecumenical_altar_acropolis,
          uniq_crazy_yiuf_cottage
D:4:      cheibrodos_old_hovel, layout_cave_pods, mainiacjoe_overflow_paths,
          nicolae_ossuary_entry_monument, portal_sewer_entry_a, uniq_ijyb
D:5:      layout_cave_pools, lemuel_crystal_altar,
          minmay_temple_entry_enclosed_plants, uniq_prince_ribbit1,
          uniq_sigmund, uniq_blork_the_orc
D:6:      dreamdust_elfheim, layout_rooms, vehumet_altar_wand_db,
          minmay_misc_feat_x
D:7:      layout_basic, chequers_serial_rivers_large_a
Temple:   hellmonk_temple_flake

Skill      XL: |  1  2  3  4  5  6  7  8  9 |
---------------+----------------------------+-----
Polearms       | 3 4 5 6 |  6.0
Fighting       | 3 4 6 7 |  7.5
Armour         | 2 4 5 |  5.0
Dodging        | 3 5 |  5.0
Unarmed Combat | 1 4 |  4.7
Evocations     | 2 |  2.8
Throwing       | |  1.7

Action                   |  1- 3 |  4- 6 |  7- 9 || total
-------------------------+-------+-------+-------++-------
Melee: Trident           |   161 |   233 |   376 ||   770
       Punch             |     1 |     4 |     3 ||     8
       War axe           |       |       |    13 ||    13
 Fire: Sling             |       |       |     1 ||     1
Throw: Throwing net      |       |       |     4 ||     4
       Javelin           |       |       |     1 ||     1
Invok: Ancestor Identity |       |       |     1 ||     1
Evoke: Wand              |       |       |     1 ||     1
  Use: Scroll            |       |    10 |     8 ||    18
       Potion            |       |     2 |     6 ||     8
Armor: Ring mail         |    39 |   109 |   184 ||   332
Dodge: Dodged            |    66 |   157 |   182 ||   405
Block: Other             |    21 |    55 |    29 ||   105
       Buckler           |       |       |    65 ||    65

Table legend: (Time is in decaauts)
 A = Elapsed time spent in this place.
 B = Non-inter-level travel time spent in this place.
 C = Inter-level travel time spent in this place.
 D = Time resting spent in this place.
 E = Time spent auto-exploring this place.
 F = Levels seen in this place.
 G = Mean time per level.
                   A        B        C        D        E       F      G
               +--------+--------+--------+--------+--------+-----+--------+
         Total |   8582 |   8410 |    172 |   3373 |   3081 |   9 |  953.6 |
       Dungeon |   7795 |   7652 |    143 |   2928 |   2950 |   7 | 1113.6 |
        Temple |    170 |    141 |     29 |      0 |    131 |   1 |  170.0 |
       Ossuary |    616 |    616 |      0 |    445 |      0 |   1 |  616.0 |
               +--------+--------+--------+--------+--------+-----+--------+

Top non-repeatable levels by time:
     D:3: 2087 daAuts
     D:1: 1477 daAuts
     D:4: 1396 daAuts
     D:5: 1067 daAuts
     D:6: 937 daAuts
 Ossuary: 616 daAuts
     D:2: 494 daAuts
     D:7: 335 daAuts
  Temple: 170 daAuts
